 Dungeon Sprint DCSS version 0.29-a0-824-gd827844252 (webtiles) character file.

Game seed: 3488776942187019406

417 mhtbhm the Blocker (level 7, 0/64 HPs)
             Began as a Formicid Fighter on July 10, 2022.
             Was an Initiate of Gozag.
             Slain by a deep troll (1 damage)
             ... in the Dungeon (Sprint I: "Red Sonja").
             The game lasted 00:02:15 (905 turns).

mhtbhm the Blocker (Formicid Fighter)                Turns: 905, Time: 00:02:17

Health: 0/64       AC: 19    Str: 22    XL:     7   Next: 15%
Magic:  7/7        EV:  6    Int:  8    God:    Gozag
Gold:   209        SH:  6    Dex: 13    Spells: 6/6 levels left

rFire   . . .      SeeInvis +   a - +0 flail
rCold   . . .      Faith    .   c - +0 buckler
rNeg    . . .      Spirit   .   b - +4 plate armour {rPois}
rPois   +          Reflect  .   (helmet unavailable)
rElec   .          Harm     .   (no cloak)
rCorr   .          Rampage  .   e - +0 pair of gloves
Will    .....                   (no boots)
Stlth   ..........              (no amulet)
HPRegen 0.20/turn               (no ring)
MPRegen 0.10/turn               (no ring)

@: no status effects
A: permanent stasis, dig shafts and tunnels, antennae 3, four strong arms
a: Dig, Renounce Religion, Potion Petition, Call Merchant, Bribe Branch


You were in the Dungeon.
You worshipped Gozag.
Gozag was aware of your devotion.
You visited 1 branch You collected 679 gold pieces.
You spent 470 gold pieces at shops.

Inventory:

Hand Weapons
 a - a +0 flail (weapon)
Armour
 b - a +4 plate armour of poison resistance (worn)
 c - a +0 buckler (worn)
 e - a +0 pair of gloves (worn)
Wands
 d - a wand of polymorph (8)
Potions
 g - 2 potions of magic
 h - 3 potions of curing


   Skills:
 + Level 9.0 Fighting
 + Level 5.6 Maces & Flails
 + Level 8.4 Armour
 + Level 0.4 Dodging
 + Level 2.7 Stealth
 + Level 10.3 Shields
 + Level 2.8 Unarmed Combat


You had 6 spell levels left.
You didn't know any spells.
Your spell library was empty.

Dungeon Overview and Level Annotations

Branches:
Dungeon (1/1)

Altars:
Cheibriados
Dithmenos
Elyvilon
Fedhas
Gozag
Hepliaklqana
Kikubaaqudgha
Nemelex Xobeh
Okawaru
Qazlal
Ru
Sif Muna
Trog
Uskayaw
Vehumet
Wu Jian
Yredelemnul
Zin
The Shining One

Shops:
D *[


Innate Abilities, Weirdness & Mutations

You cannot be hasted, slowed, berserked, paralysed or teleported.
You can dig through walls and to a lower floor.
You have a pair of large antennae on your head. (SInv)
Your four strong arms can wield two-handed weapons with a shield.


Message History

The deep troll claws you but does no damage. x2
You sock the deep troll!
The deep troll is moderately wounded.
The deep troll bites you!
The deep troll claws you but does no damage.
You block the deep troll's attack.
You hit the deep troll.
The deep troll is moderately wounded.
The deep troll barely misses you. You block the deep troll's attack.
The deep troll claws you but does no damage.
You closely miss the deep troll.
The deep troll is moderately wounded.
The deep troll bites you but does no damage.
The deep troll claws you but does no damage.
The deep troll claws you.
You hit the deep troll but do no damage.
The deep troll is moderately wounded.
The deep troll bites you but does no damage.
You block the deep troll's attack.
The deep troll claws you but does no damage.
The deep troll bites you.
The deep troll claws you but does no damage. x2
Unknown command.
Okay, then.
As you read the scroll labelled MERHIE BEREU, it crumbles to dust.
Your stasis prevents you from teleporting.
It was a scroll of blinking.
The deep troll bites you! The deep troll claws you!
* * * LOW HITPOINT WARNING * * *
The deep troll claws you!
* * * LOW HITPOINT WARNING * * *
Unknown command.
You completely miss the deep troll.
The deep troll is moderately wounded.
The deep troll bites you.
* * * LOW HITPOINT WARNING * * *
The deep troll claws you but does no damage.
The deep troll claws you.
You die...
Your body crumbles into a pile of gold.

#..#####'#####'# $
#..####..#...#[# $$ $
#..#__####..##.# { $$
#..#_____##'#_.+
#⌠⌠#_.∩...÷..._# { $$
####_..__##_.#'#
$$#_____###'#.# $ $
############.####+###
$
#∩........'..@T$$.$$+
###++++####...#######
$ { ###.### {
{#.#'#.#{{ $ {
#.....# $ {
{#...[.#{{{{ {
#######{{{ $$ {


{{{{ { {{{ $ You could see a deep troll.

Vanquished Creatures
  Sigmund (D)
  A yak (D)
  An ogre (D)
  Ijyb (D)
  An adder (D)
  A worm (D)
6 creatures vanquished.

Vanquished Creatures (others)
  2 ballistomycete spores (D)
2 creatures vanquished.

Grand Total: 8 creatures vanquished

Notes
Turn   | Place    | Note
-------+----------+-------------------------------------------
     0 | D        | mhtbhm the Formicid Fighter began the quest for the Orb.
     0 | D        | Reached XP level 1. HP: 18/18 MP: 1/1
     3 | D        | Noticed Ijyb
    12 | D        | Killed Ijyb
    13 | D        | Reached skill level 5 in Shields
    13 | D        | Reached XP level 2. HP: 9/26 MP: 2/2
    13 | D        | Reached XP level 3. HP: 11/31 MP: 3/3
    17 | D        | Noticed an ogre
    22 | D        | Killed an ogre
    23 | D        | Reached skill level 7 in Shields
    23 | D        | Reached skill level 1 in Unarmed Combat
    23 | D        | Reached XP level 4. HP: 16/40 MP: 4/4
    23 | D        | Reached XP level 5. HP: 18/46 MP: 5/5
    48 | D        | Noticed Sigmund
    61 | D        | Killed Sigmund
    62 | D        | Reached skill level 1 in Stealth
    62 | D        | Reached skill level 9 in Shields
    62 | D        | Reached XP level 6. HP: 6/56 MP: 6/6
   349 | D        | Found an ornate altar of the Wu Jian Council.
   349 | D        | Found a shimmering blue altar of Sif Muna.
   351 | D        | Found a radiant altar of Vehumet.
   569 | D        | Found Odoad's Armour Emporium.
   569 | D        | Found an ancient bone altar of Kikubaaqudgha.
   569 | D        | Found a hazy altar of Hepliaklqana.
   569 | D        | Found a stormy altar of Qazlal.
   569 | D        | Found a hide-covered altar of Uskayaw.
   569 | D        | Found a blossoming altar of Fedhas.
   569 | D        | Found a bloodstained altar of Trog.
   569 | D        | Found an iron altar of Okawaru.
   569 | D        | Found a basalt altar of Yredelemnul.
   569 | D        | Found a glowing golden altar of the Shining One.
   569 | D        | Found a snail-covered altar of Cheibriados.
   569 | D        | Found a sacrificial altar of Ru.
   569 | D        | Found a glowing silver altar of Zin.
   569 | D        | Found a shadowy altar of Dithmenos.
   569 | D        | Found a white marble altar of Elyvilon.
   569 | D        | Noticed a yak
   573 | D        | Killed a yak
   574 | D        | Reached skill level 5 in Maces & Flails
   574 | D        | Reached skill level 10 in Shields
   574 | D        | Reached XP level 7. HP: 49/64 MP: 7/7
   574 | D        | Found an opulent altar of Gozag.
   575 | D        | Found a sparkling altar of Nemelex Xobeh.
   590 | D        | Became a worshipper of Gozag Ym Sagoz the Greedy
   603 | D        | Noticed Sonja
   605 | D        | Noticed Sonja
   605 | D        | Sonja changed into Sonja the worm
   608 | D        | Killed Sonja the worm
   628 | D        | Found Ifinesaph's Assorted Antiques.
   878 | D        | Bought a +4 plate armour of poison resistance for 470 gold
                  | pieces
   896 | D        | Noticed a deep troll
   904 | D        | HP: 2/64 [deep troll (10)]
   905 | D        | Slain by a deep troll

Illustrated notes

Levels and vault maps discovered:
D:        dungeon_sprint_1 [red_sonja_temple_1, red_sonja_temple_small_1]

Skill      XL: |  1  2  3  4  5  6 |
---------------+-------------------+-----
Fighting       | 4 6 8 9 |  9.0
Armour         | 4 6 7 8 |  8.4
Shields        | 5 7 9 10 | 10.3
Maces & Flails | 3 4 5 |  5.6
Unarmed Combat | 1 2 |  2.8
Stealth        | 1 2 |  2.7
Dodging        | |  0.4

Action                   |  1- 3 |  4- 6 |  7- 9 || total
-------------------------+-------+-------+-------++-------
Melee: Unarmed           |     8 |       |       ||     8
       Flail             |     3 |    22 |     9 ||    34
Throw: Dart              |       |       |     2 ||     2
 Abil: Dig               |       |       |     1 ||     1
Evoke: Wand              |       |     1 |     2 ||     3
  Use: Potion            |     2 |     1 |       ||     3
       Scroll            |       |       |     1 ||     1
 Stab: Sleeping          |     1 |       |       ||     1
Armor: Scale mail        |     1 |     1 |     3 ||     5
       Plate armour      |       |       |    11 ||    11
Dodge: Dodged            |     5 |    10 |     2 ||    17
Block: Buckler           |       |     3 |     3 ||     6

Table legend: (Time is in decaauts)
 A = Elapsed time spent in this place.
 B = Non-inter-level travel time spent in this place.
 C = Inter-level travel time spent in this place.
 D = Time resting spent in this place.
 E = Time spent auto-exploring this place.
 F = Levels seen in this place.
 G = Mean time per level.
                   A        B        C        D        E       F      G
               +--------+--------+--------+--------+--------+-----+--------+
         Total |    908 |    908 |      0 |    621 |      0 |   1 |  908.0 |
       Dungeon |    908 |    908 |      0 |    621 |      0 |   1 |  908.0 |
               +--------+--------+--------+--------+--------+-----+--------+

Top non-repeatable levels by time:
       D: 908 daAuts
